 Dungeon Crawl Stone Soup version 0.30-a0-457-g4b7bca3bfa (console) character file.

Game seed: 7533995466087235244

334752 petzl the Eclecticist (level 23, -12/179 (182) HPs)
             Began as a Formicid Delver on Dec 6, 2022.
             Was the Champion of Vehumet.
             Mangled by a phantasmal warrior (19 damage)
             ... led by a vampire knight
             ... on level 3 of the Crypt on Dec 20, 2022.
             The game lasted 08:55:31 (88974 turns).

petzl the Eclecticist (Formicid Delver)            Turns: 88974, Time: 08:55:32

HP:   -12/179 (182) AC: 19    Str: 12    XL:     23   Next: 21%
MP:   34/44         EV: 15    Int: 20    God:    Vehumet [******]
Gold: 2810          SH: 20    Dex: 23    Spells: 9/56 levels left

rFire   + . .      SeeInvis +    a - +9 eveningstar (protect)
rCold   + + .      Faith    .    z - +5 kite shield {reflect}
rNeg    + . .      Spirit   .    N - +4 ring mail of Caimican {rPois rC+ Dex+4}
rPois   +          Reflect  +    (helmet unavailable)
rElec   +          Harm     .    q - +0 cloak
rCorr   +          Rampage  .    X - +1 pair of gloves {Stlth+}
Will    +++++      Clarity  +    e - +1 pair of boots
Stlth   +++++.....               E - amulet of the Four Winds {rN+ Will+++ Clar}
HPRegen 0.49/turn                P - ring of wizardry
MPRegen 0.29/turn                T - ring of flight

@: resistant, flying, studying Armour, lightly drained, invisible
A: permanent stasis, dig shafts and tunnels, antennae 3, four strong arms, agile
1, sense surroundings 1, weak 2
}: 1/15 runes: barnacled
a: Dig, Shaft Self, Renounce Religion


You were on level 3 of the Crypt.
You worshipped Vehumet.
Vehumet was exalted by your worship.
You visited 9 branches of the dungeon, and saw 38 of its levels.
You also visited: Bailey.

You collected 5849 gold pieces.
You spent 3039 gold pieces at shops.

Inventory:

Hand Weapons
 a - a +9 eveningstar of protection (weapon)
 b - the +6 sling of Salt {vorpal, rPois MP+9 SInv}
   (You found it on level 3 of the Elven Halls)

   Any ammunition fired from it inflicts extra damage upon your enemies.
   rPois:     It protects you from poison.
   MP:        It affects your magic capacity (+9).
   SInv:      It lets you see invisible.
 d - the +8 whip "Snakebite" {venom, curare, rPois}
   (You found it on level 3 of the Lair of Beasts)

   It poisons the flesh of those it strikes.
   It occasionally inflicts asphyxiating poison on those it strikes, dealing
   poison damage and causing slowness.
   rPois:     It protects you from poison.
 f - a +1 arbalest of electrocution
 p - the +6 falchion of Darkness {spect, rElec}
   (You found it on level 5 of the Lair of Beasts)

   When its wielder attacks, the weapon's spirit leaps out and strikes again.
   The spirit shares a part of any damage it takes with its wielder.
   rElec:     It insulates you from electricity.
 t - the +10 longbow of Imbalance {flame, rC+ Int+3 Dex+2}
   (You found it on level 2 of the Shoals)

   Any ammunition fired from it burns those it strikes, dealing additional fire
   damage.
   Int:       It affects your intelligence (+3).
   Dex:       It affects your dexterity (+2).
   rC:        It protects you from cold.
 O - a +3 rapier of electrocution
 V - a +0 hand crossbow
Missiles
 A - 5 throwing nets
 H - 7 curare-tipped darts (quivered)
Armour
 e - a +1 pair of boots (worn)
 g - a +3 leather armour of cold resistance
 q - a +0 cloak (worn)
 s - a +3 leather armour of fire resistance
 v - a +2 pair of gloves of fire resistance
 z - a +5 kite shield of reflection (worn)
 N - the +4 ring mail of Caimican (worn) {rPois rC+ Dex+4}
   (You bought it in a shop on level 2 of the Dungeon)

   Dex:       It affects your dexterity (+4).
   rC:        It protects you from cold.
   rPois:     It protects you from poison.
 X - a +1 pair of gloves of stealth (worn)
Jewellery
 E - the amulet of the Four Winds (around neck) {rN+ Will+++ Clar}
   (You bought it in a shop on level 13 of the Dungeon)

   [amulet of nothing]

   rN:        It protects you from negative energy.
   Clar:      It protects you against confusion.
   Will:      It greatly increases your willpower.
 M - a ring of protection from fire
 P - a ring of wizardry (left hand)
 R - a +6 ring of intelligence
 T - a ring of flight (right hand)
 W - a ring of wizardry
Wands
 h - a wand of acid (7)
 x - a wand of charming (31)
 C - a wand of roots (13)
 G - a wand of digging (16)
 I - a wand of polymorph (3)
 J - a wand of flame (59)
 K - a wand of mindburst (7)
Scrolls
 n - 3 scrolls of poison
 r - a scroll of enchant weapon
 y - 4 scrolls of fog
 B - a scroll of fear
 D - 3 scrolls of silence
 Z - 3 scrolls of magic mapping
Potions
 i - 8 potions of flight
 j - 6 potions of brilliance
 k - 11 potions of curing
 l - 2 potions of cancellation
 m - a potion of might
 o - 2 potions of resistance
 u - 2 potions of ambrosia
 F - 9 potions of lignification
 Q - 6 potions of magic
 S - 2 potions of invisibility
Miscellaneous
 w - a lightning rod (4/4)
 L - a condenser vane
 U - a phial of floods


   Skills:
 + Level 15.5 Fighting
 - Level 1.4(3.6) Axes
 - Level 5.3(6.0) Maces & Flails
 - Level 3.5(4.9) Staves
 - Level 3.0 Ranged Weapons
 - Level 14.0 Armour
 - Level 7.6 Dodging
 - Level 10.0 Stealth
 - Level 14.0 Shields
 + Level 17.0 Spellcasting
 * Level 15.1 Conjurations
 - Level 10.0 Necromancy
 - Level 5.0 Transmutations
 * Level 15.6 Fire Magic
 - Level 6.0 Ice Magic
 - Level 9.0 Air Magic
 - Level 6.0 Earth Magic
 - Level 5.0 Poison Magic
 - Level 3.0 Evocations


You had 9 spell levels left.
You knew the following spells:

 Your Spells              Type           Power      Damage    Failure   Level
a - Poisonous Vapours     Pois/Air       90%        N/A       1%          2
b - Stone Arrow           Conj/Erth      100%       3d13      1%          3
c - Iron Shot             Conj/Erth      28%        9d6       2%          6
m - Mephitic Cloud        Conj/Pois/Air  54%        N/A       1%          3
o - Orb of Destruction    Conj           33%        9d10      1%          7
s - Sticky Flame          Conj/Fire      68%        2d8       1%          4
u - Sublimation of Blood  Necr           54%        N/A       1%          2
A - Ozocubu's Armour      Ice            41%        N/A       1%          3
G - Ignition              Fire           34%        3d10      12%         8
I - Ignite Poison         Fire/Tmut/Pois 50%        N/A       1%          3
L - Conjure Ball Lightni  Conj/Air       30%        3x3d10    1%          6

Your spell library contained the following spells:

 Spells                   Type           Power      Damage    Failure   Level
 Polar Vortex             Ice            20%        N/A       100%        9
 Magic Dart               Conj           100%       1d8       0%          1
 Necrotise                Necr           100%       1d9       1%          1
 Cigotuvi's Dreadful Rot  Necr/Pois/Air  98%        N/A       1%          2
 Ensorcelled Hibernation  Hex/Ice        58%        N/A       1%          2
 Momentum Strike          Conj/Tloc      94%        3d10      1%          2
 Passwall                 Tmut/Erth      32%        N/A       1%          2
 Searing Ray              Conj           100%       2d8       1%          2
 Static Discharge         Conj/Air       100%       2-7/arc   1%          2
 Wereblood                Tmut           37%        N/A       1%          2
 Dazzling Flash           Conj/Hex       94%        N/A       1%          3
 Inner Flame              Hex/Fire       48%        N/A       1%          3
 Spider Form              Tmut/Pois      37%        N/A       1%          3
 Vhi's Electric Charge    Tloc/Air       70%        N/A       1%          3
 Animate Dead             Necr           54%        N/A       1%          4
 Dispel Undead            Necr           54%        3d20      1%          4
 Flame Wave               Conj/Fire      68%        2d15      1%          4
 Fulminant Prism          Conj/Hex       23%        3d12      1%          4
 Iskenderun's Mystic Bla  Conj/Tloc      47%        2d10      1%          4
 Arcjolt                  Conj/Air       30%        1d40      1%          5
 Irradiate                Conj/Tmut      27%        3d20      1%          5
 Lightning Bolt           Conj/Air       30%        1d47      1%          5
 Starburst                Conj/Fire      34%        6d10      1%          6
 Apportation              Tloc           34%        N/A       4%          1
 Summon Small Mammal      Summ           68%        N/A       4%          1
 Anguish                  Hex/Necr       18%        N/A       4%          4
 Ice Form                 Ice/Tmut       39%        N/A       4%          4
 Petrify                  Tmut/Erth      39%        N/A       4%          4
 Death Channel            Necr           27%        N/A       10%         6
 Call Canine Familiar     Summ           17%        N/A       12%         3
 Gell's Gravitas          Tloc           17%        N/A       12%         3
 Lesser Beckoning         Tloc           34%        N/A       12%         3
 Summon Guardian Golem    Hex/Summ       17%        N/A       12%         3
 Teleport Other           Tloc           17%        N/A       12%         3
 Tukima's Dance           Hex            17%        N/A       12%         3
 Animate Armour           Summ/Erth      58%        N/A       12%         4
 Summon Ice Beast         Ice/Summ       29%        N/A       12%         4
 Alistair's Intoxication  Tmut/Pois      24%        N/A       14%         5
 Eringya's Noxious Bog    Tmut/Pois      18%        N/A       19%         6
 Simulacrum               Ice/Necr       24%        N/A       22%         6
 Metabolic Englaciation   Hex/Ice        14%        N/A       30%         5
 Manifold Assault         Tloc           17%        N/A       34%         4
 Ozocubu's Refrigeration  Ice            20%        4d12      52%         7
 Lehudib's Crystal Spear  Conj/Erth      28%        10d7      56%         8
 Summon Forest            Summ/Tloc      8%         N/A       69%         5
 Summon Mana Viper        Hex/Summ       17%        N/A       69%         5
 Maxwell's Capacitive Co  Air            26%        ∞         77%         8
 Fire Storm               Conj/Fire      34%        8d9       80%         9
 Haunt                    Necr/Summ      18%        N/A       98%         7
 Infestation              Necr           27%        N/A       98%         8
 Dispersal                Tloc           8%         N/A       99%         6
 Summon Cactus Giant      Summ           8%         N/A       99%         6
 Chain Lightning          Conj/Air       30%        3d40      99%         9
 Enfeeble                 Hex            8%         N/A       100%        7
 Monstrous Menagerie      Summ           8%         N/A       100%        7
 Summon Hydra             Summ           8%         N/A       100%        7
 Discord                  Hex            8%         N/A       100%        8
 Disjunction              Tloc           8%         N/A       100%        8
 Shatter                  Erth           20%        3d18*     100%        9
 Swiftness                Air            Unusable   N/A       N/A         3
 Blink                    Tloc           Unusable   N/A       N/A         2

Dungeon Overview and Level Annotations

Branches:
Dungeon (15/15)            Temple (1/1) D:4            Lair (5/5) D:9
 Shoals (4/4) Lair:2       Spider (0/4) Lair:3        Slime (0/5) Lair:5
    Orc (2/2) D:12            Elf (3/3) Orc:2        Vaults (4/5) D:14
  Crypt (3/3) Vaults:2       Tomb (0/3) Crypt:3      Depths (1/4) D:15
 Bailey (visited)

Altars:
Ashenzari
Cheibriados
Dithmenos
Elyvilon
Fedhas
Gozag
Hepliaklqana
Kikubaaqudgha
Makhleb
Nemelex Xobeh
Okawaru
Qazlal
Ru
Sif Muna
Trog
Uskayaw
Vehumet
Wu Jian
Xom
Yredelemnul
Zin
The Shining One
Jiyva

Shops:
D:2 [=*=[   D:9 *   D:13 =   Orc:2 *[**   Elf:3 *   Vaults:2 !

Annotations:
D:13 exclusion: sensed monster (detected)
D:15 exclusion: downstairs
Vaults:2 exclusion: 2 downstairs
Vaults:4 exclusion: upstairs
Vaults:5 !L5
Crypt:1 3 runed translucent doors, exclusion: downstairs
Crypt:2 exclusion: downstairs, Frederick, Grunn


Innate Abilities, Weirdness & Mutations

You cannot be hasted, slowed, berserked, paralysed or teleported.
You can dig through walls and to a lower floor.
You have a pair of large antennae on your head. (SInv)
Your four strong arms can wield two-handed weapons with a shield.
You are agile. (Dex +4, Str/Int -1)
You passively map a small area around you.
You are very weak. (Str -4)


Message History

Unknown command.
Unknown command.
Unknown command.
Okay, then.
Unknown command.
Unknown command.
Unknown command.
Okay, then.
Unknown command.
Unknown command.
Unknown command.
A white draconian skeleton comes into view.
A ball python skeleton comes into view.
You block the spectral harpy's attack. The spectral harpy closely misses you.
You hear a hideous shriek!
You block the spectral harpy's attack. The spectral harpy barely misses you.
An ancient champion comes into view.
It is wielding a +1 great mace of draining.
The phantasmal warrior barely misses you.
The phantasmal warrior gestures at you.
The phantasmal warrior blinks!
A frilled lizard zombie comes into view.
The phantasmal warrior attacks as you move away!
You block the phantasmal warrior's attack.
Found a stone staircase leading up.
The vampire knight casts a spell at you.
The vampire knight blinks!
The phantasmal warrior gestures at you.
The phantasmal warrior blinks!
You block the vampire knight's attack. The vampire knight bites you.
* * * LOW HITPOINT WARNING * * *
The vampire knight draws strength from your injuries!
You block the white draconian skeleton's attack.
The flying skull gives a hideous shriek!
The vampire knight attacks as you move away!
The vampire knight misses you. The vampire knight bites you.
* * * LOW HITPOINT WARNING * * *
The vampire knight draws strength from your injuries!
The phantasmal warrior attacks as you move away!
The phantasmal warrior hits you!!
You die...

************************************
,,,,,,,,,,,,,,,,,,,^,,,,,,,,,,,,,,,*
,,,,,,,,,,,,,,,,,,,,,,,,,,,,,,,,,,,*
******,,,,,,,,,,,,,,,,,,,,,,,,,,,,,*
*,,,,,****,,,,,,,,,********,,,*
*,,,,,*,,+,,,,,,,,,* *,,,*
*,,,,,+,,*,,,,,,,,,* *,,,*
*,,,,,,,,,,,,,,***,* *,,,*
*,,*,*,*,*^*,*,* #.* *,,,*
*,,,,,,,,,...,,* #.# *,,,*
*,,,*,*,#.#.#.** #.# *,,,*
*,,,,,,......Z####.# *,,,*
*,,,,,,............# *,,,*
******,,,,,.......z.....# *,,,*
,,,,,,,,,,,<......Z.W..W########,,,*
,,,,,,,,,,,.........WW.V@.......,,,*
,,,,,,,,,,*.........VzzWZ.)...<.,,,*
,,,,,,,,,,*,,.W§§.ZV..Z.##......,,,*
,,,,,,,<,,****#.§§ZM#####*..####*,,*
*********######○§§§§######,.# *,,*
,,,,,,,,,.......○§{{.M{..{..# *,,*
,,,,,,,,,,#.8....§{§§.8.##.,# *,,*
,,,,,,,,,,#......○{§§...#*,,* *,,*
,,,*******#.8.........8.#*,,* *,,*
,,**,,,,,*#.....M..○....#*,,*****,,*
,,**,,,,,*#.8.........8.#*,,,,,,,,,*
,,**,,,,+*#.............#*,,,,,,,,,*
,,,******,#.8.8.....8.8.#*,,,,,,,,,*
,,,,,,,,,,#.............#*,,,,,,,,,*
,,,,,,,,,,#####.....#####***,,,,,,,*
,,,,,,,,,,*,,,#.....#,,,*,,*,,,,,,,*
+**********,,,.......,,,*,,*,,,,,,,*
,,,,,,,****,,,8,,,,,8,,,,,,*,*****,*
,,,,,,,+,,+,,,,,,,,,,,,,,,,*,* *,*


You could see a vampire knight (fast), an ancient champion (wandering, unable to
see you), a flayed ghost (summoned, unable to see you), a vampire mage, a curse
skull, 2 phantasmal warriors, a guardian mummy (unable to see you), a spectral
harpy (summoned), a spectral caustic shrike (summoned), a vampire (summoned), a
wraith (summoned), a shadow (summoned, invisible), a flying skull (summoned,
wandering, unable to see you), a frilled lizard zombie (wandering, unable to see
you), a quicksilver dragon zombie (summoned, wandering, unable to see you), a
ball python skeleton (wandering, unable to see you) and a white draconian
skeleton (wandering, unable to see you).

Vanquished Creatures
  Mennas (Vaults:3)
  Margery (Crypt:1)
  Nikola (Vaults:1)
  The ghost of billz999 the Brawler, an adept TrMo of Okawaru (Vaults:1)
  2 deep elf blademasters
  An ancient champion (Crypt:1)
  A deep elf master archer (Elf:3)
  The ghost of AigisTheKnight the Devastator, an adept GrEE of the Shining One (Elf:1)
  3 acid blobs (Lair:4)
  4 sphinxes
  Donald (Elf:2)
  A storm dragon (Shoals:4)
  A tengu reaver (Vaults:3)
  The ghost of Inwioxo the Spry, an adept KoHu of Gozag (Shoals:2)
  A revenant (Crypt:1)
  5 azure jellies (Lair:4)
  5 deep elf sorcerers
  A ghost moth (Vaults:1)
  5 deep elf elementalists
  A frost giant (Vaults:3)
  A curse skull (Crypt:1)
  9 vault wardens
  Louise (Elf:2)
  2 orc warlords
  6 very ugly things
  17 ironbound preservers
  4 ironbound thunderhulks
  4 vampire knights
  4 deep elf demonologists (Elf:3)
  Azrael (D:14)
  7 deep elf annihilators
  10 dire elephants
  The ghost of liarliar the Destroyer, a journeyman HuCj of Vehumet (Lair:4)
  The ghost of porpoise the Basher, a journeyman AtFi of Hepliaklqana (D:12)
  A crystal guardian (Vaults:3)
  An ettin (Orc:1)
  A fire dragon (D:13)
  9 deep elf death magi
  4 merfolk javelineers (Shoals:4)
  Josephine (D:11)
  9 merfolk impalers
  A jiangshi (Crypt:1)
  8 yaktaur captains
  6 great orbs of eyes
  An entropy weaver (Vaults:1)
  A spriggan zombie (Crypt:1)
  3 deep elf high priests (Elf:3)
  A catoblepas (Lair:5)
  11 hydras
  A peacekeeper (Vaults:3)
  Erolcha (D:9)
  12 ironbound frosthearts
  5 merfolk avatars
  8 vault guards
  21 two-headed ogres
  An alligator snapping turtle (Shoals:4)
  8 merfolk aquamancers (Shoals:4)
  4 ogre magi
  13 centaur warriors
  2 boulder beetles
  A satyr (Shoals:3)
  4 death knights
  3 death yaks
  22 dancing weapons
  A deep troll earth mage (Vaults:3)
  3 vampire magi (Crypt:1)
  4 orc high priests
  A tengu warrior (D:14)
  A shock serpent (shapeshifter) (D:15)
  5 hell knights (Crypt:1)
  14 deep elf knights
  13 sea snakes
  3 skeletal warriors (Crypt:1)
  4 shadow wraiths
  A glowing orange brain (Vaults:4)
  The ghost of flotson the Trooper, a novice DsDe of Hepliaklqana (D:8)
  An orb spider (Lair:3)
  53 deep trolls
  17 deep elf archers
  20 ironbound convokers
  6 wizards
  29 harpies
  3 lindwurms
  6 necromancers
  4 phantasmal warriors
  A wolf spider (D:15)
  The ghost of bchevrier the Trooper, a novice GnWn of Cheibriados (D:5)
  2 spriggan simulacra (Crypt:1)
  32 deep elf zephyrmancers
  3 orc sorcerers
  32 deep elf pyromancers
  2 orc knights
  2 spectral ice dragons (D:14)
  A lindwurm (shapeshifter) (Elf:1)
  4 fauns
  20 ugly things
  11 manticores
  A salamander (D:15)
  2 centaur zombies (D:14)
  8 cyclopes
  Joseph (D:9)
  8 elephants
  8 black mambas
  An eye of devastation (Lair:4)
  5 merfolk sirens
  2 gargoyles (D:12)
  10 water nymphs
  5 vault sentinels
  2 torpor snails
  13 cane toads
  A centaur skeleton (D:14)
  An unseen horror (D:12)
  2 efreet (D:15)
  21 yaktaurs
  A catoblepas zombie (Crypt:1)
  2 kobold demonologists
  15 komodo dragons
  6 rime drakes
  A tengu conjurer (D:14)
  An anaconda simulacrum (Crypt:1)
  15 freezing wraiths
  A bunyip simulacrum (Crypt:1)
  A minotaur skeleton (Crypt:1)
  A troll (shapeshifter) (D:14)
  8 wind drakes
  A purple draconian skeleton (Crypt:1)
  8 merfolk
  8 polar bears
  12 trolls
  4 hornets
  9 blink frogs
  2 tarantellas (Vaults:1)
  A guardian serpent zombie (Crypt:2)
  38 slime creatures
  7 snapping turtles
  23 dream sheep
  A shadow (D:11)
  11 air elementals
  4 centaur simulacra (D:14)
  11 spriggans (Lair:5)
  4 flying skulls
  10 wraiths
  4 vampires
  3 wyverns
  21 water elementals
  3 basilisks
  34 yaks
  3 steam dragons
  A tyrant leech zombie (Crypt:2)
  17 vampire mosquitoes
  5 humans
  4 redbacks (Vaults:1)
  An alligator snapping turtle simulacrum (Crypt:1)
  4 neqoxecs (D:12)
  8 wargs
  2 acid dragons
  19 water moccasins
  10 hell hounds (D:14)
  Duvessa (D:6)
  4 ice beasts (D:9)
  An ice dragon simulacrum (D:14)
  3 sky beasts (D:7)
  6 black bears
  A spectral hornet (D:14)
  26 orc warriors
  27 ogres
  4 boggarts (Lair:5)
  An ettin simulacrum (Crypt:1)
  38 wolves
  A lindwurm skeleton (Crypt:2)
  7 centaurs
  5 kobold brigands
  3 phantoms
  12 bullfrogs
  An earth elemental (Elf:1)
  3 necrophages
  3 deep troll simulacra (D:14)
  2 elf skeletons (Crypt:1)
  6 gnoll sergeants (D:8)
  3 scorpions
  Dowan (D:6)
  5 killer bees (D:10)
  A raiju skeleton (Crypt:2)
  8 howler monkeys
  4 quasits (D:12)
  2 hounds
  2 gnoll boudas
  6 orc priests
  Crazy Yiuf (D:2)
  A bullfrog skeleton (Crypt:1)
  4 iguanas
  20 orc wizards
  16 gnolls
  17 adders
  A shadow imp (D:6)
  A white imp (D:8)
  3 worms
  3 dart slugs
  58 orcs
  10 ball pythons
  2 bats (D:3)
  7 endoplasms
  A giant cockroach (D:2)
  7 hobgoblins
  4 jackals (D:2)
  5 quokkas
  5 frilled lizards
  4 goblins
  27 kobolds
  A quokka skeleton (Crypt:1)
  5 rats
  A rat zombie (Crypt:2)
  3 ball lightnings
1401 creatures vanquished.

Vanquished Creatures (collateral kills)
  A centaur warrior (Shoals:2)
  An orc warrior (Bailey)
  A kobold brigand (Bailey)
  2 ball lightnings (D:14)
5 creatures vanquished.

Vanquished Creatures (others)
  A tengu reaver (Vaults:1)
  A wolf spider simulacrum (D:14)
  A water elemental (Elf:3)
  5 humans (D:14)
  A gnoll (D:8)
  115 ball lightnings
  42 fungi
  141 plants
  6 withered plants
313 creatures vanquished.

Grand Total: 1719 creatures vanquished

Notes
Turn   | Place    | Note
-------+----------+-------------------------------------------
     0 | D:5      | petzl the Formicid Delver began the quest for the Orb.
     0 | D:5      | Reached XP level 1. HP: 18/18 MP: 1/1
     1 | D:5      | Found a runed translucent door.
     2 | D:5      | Identified the +0 pair of gloves "Latruir" {-Cast Harm rC+}
    23 | D:5      | Noticed an iguana
    23 | D:5      | Noticed a scorpion
   178 | D:4      | Noticed an orc wizard
   226 | D:4      | Noticed a scorpion
   281 | D:4      | Noticed an orc wizard
   291 | D:5      | Noticed a phantom
   357 | D:2      | Found Coes Qit's Assorted Antiques.
   362 | D:2      | Reached skill level 1 in Spellcasting
   373 | D:2      | Bought a fuming coppery potion for 21 gold pieces
   373 | D:2      | Bought a scroll labelled JALLOE BASA for 24 gold pieces
   406 | D:3      | Reached XP level 2. HP: 21/24 MP: 3/3
   533 | D:3      | Reached skill level 1 in Armour
   754 | D:3      | Reached XP level 3. HP: 18/29 MP: 5/5
  1111 | D:3      | Reached skill level 2 in Spellcasting
  1157 | D:3      | Reached XP level 4. HP: 36/37 MP: 7/7
  1443 | D:1      | Learned a level 4 spell: Sticky Flame
  2047 | D:2      | Reached XP level 5. HP: 42/42 MP: 8/8
  2100 | D:2      | Found Qihachif's Antique Armour Shoppe.
  2102 | D:2      | Found Keschye's Jewellery Shop.
  2117 | D:2      | Bought a blue potion for 21 gold pieces
  2185 | D:2      | Found Baybb's Jewellery Shoppe.
  2644 | D:2      | Found Obleqoek's Antique Armour Boutique.
  2763 | D:2      | Found a runed translucent door.
  2764 | D:2      | Noticed Crazy Yiuf
  2775 | D:2      | Killed Crazy Yiuf
  2927 | D:3      | Reached skill level 3 in Spellcasting
  3512 | D:4      | Reached XP level 6. HP: 48/48 MP: 10/10
  3652 | D:4      | Reached skill level 1 in Fire Magic
  3692 | D:4      | Reached skill level 1 in Axes
  3692 | D:4      | Reached skill level 1 in Conjurations
  3699 | D:4      | Reached skill level 5 in Armour
  3752 | D:4      | Found a staircase to the Ecumenical Temple.
  4294 | Temple   | Entered the Ecumenical Temple
  4392 | Temple   | Became a worshipper of Vehumet
  4596 | D:5      | Reached XP level 7. HP: 55/55 MP: 12/12
  4707 | D:5      | Reached skill level 4 in Spellcasting
  4989 | D:5      | Noticed bchevrier's ghost (novice GnWn)
  5098 | D:5      | Reached XP level 8. HP: 55/61 MP: 14/14
  6066 | D:6      | Noticed Duvessa
  6066 | D:6      | Noticed Dowan
  6142 | D:6      | Identified the +7 quarterstaff of the Damp God {flame,
                  | Dex+6}
  6156 | D:5      | Reached skill level 5 in Fighting
  6300 | D:6      | Reached skill level 1 in Ranged Weapons
  6391 | D:7      | Found a flagged portal.
  6464 | D:7      | Reached skill level 5 in Spellcasting
  6597 | Bailey   | Entered a bailey
  6604 | Bailey   | Gained mutation: You are weak. (Str -2) [potion of
                  | mutation]
  6604 | Bailey   | Gained mutation: You passively map a small area around you.
                  | [potion of mutation]
  6604 | Bailey   | Gained mutation: You are agile. (Dex +4, Str/Int -1)
                  | [potion of mutation]
  6628 | Bailey   | Reached XP level 9. HP: 57/68 MP: 16/16
  6631 | Bailey   | Reached * piety under Vehumet
  6631 | Bailey   | Offered knowledge of Magic Dart by Vehumet.
  6724 | Bailey   | Identified the +4 chain mail of Ovemun {rF- rN++ Int+2}
  6945 | Bailey   | Reached skill level 6 in Spellcasting
  6960 | Bailey   | Found a burning altar of Makhleb.
  7209 | D:6      | Reached skill level 1 in Evocations
  7228 | D:6      | Killed Duvessa
  7242 | D:6      | Killed Dowan
  7317 | D:6      | Reached skill level 5 in Conjurations
  7618 | D:7      | Reached XP level 10. HP: 74/76 MP: 19/19
  7816 | D:7      | Reached skill level 7 in Spellcasting
  8392 | D:2      | Bought a pair of embroidered gloves for 210 gold pieces
  8392 | D:2      | Bought a crude ring mail for 252 gold pieces
  8392 | D:2      | Identified the +4 ring mail of Caimican {rPois rC+ Dex+4}
                  | (You bought it in a shop on level 2 of the Dungeon)
  8590 | D:7      | Offered knowledge of Sandblast by Vehumet.
  8596 | D:7      | Learned a level 2 spell: Sublimation of Blood
  8669 | D:7      | Reached ** piety under Vehumet
  8914 | D:9      | Noticed a two-headed ogre
  8915 | D:9      | Noticed a rime drake
  9076 | D:8      | Found a sacrificial altar of Ru.
  9156 | D:8      | Found a transporter.
  9214 | D:8      | Found an ornate altar of the Wu Jian Council.
  9217 | D:8      | Found an opulent altar of Gozag.
  9219 | D:8      | Found a shimmering altar of Xom.
  9220 | D:8      | Found a hazy altar of Hepliaklqana.
  9316 | D:8      | Reached skill level 5 in Fire Magic
  9332 | D:8      | You fall into a shaft and drop 3 floors!
  9544 | D:11     | Noticed an ogre mage
  9545 | D:11     | Noticed a two-headed ogre
  9546 | D:11     | Noticed a two-headed ogre
  9553 | D:10     | Entered Level 10 of the Dungeon
  9587 | D:10     | Noticed a two-headed ogre
  9595 | D:10     | Killed a two-headed ogre
  9759 | D:8      | Reached XP level 11. HP: 42/83 MP: 22/22
  9952 | D:8      | Found a transporter.
  9979 | D:8      | Noticed flotson's ghost (novice DsDe)
 10108 | D:2      | Bought a ring of wizardry for 360 gold pieces
 10373 | D:9      | Killed a two-headed ogre
 10374 | D:9      | Reached skill level 10 in Armour
 10374 | D:9      | Reached skill level 8 in Spellcasting
 10491 | D:9      | Learned a level 2 spell: Poisonous Vapours
 10543 | D:9      | Reached skill level 1 in Air Magic
 10606 | D:9      | Noticed Erolcha
 10937 | D:9      | Found Aniphunt's Fire Supplies.
 11113 | D:9      | Reached skill level 1 in Necromancy
 11426 | D:10     | Offered knowledge of Ignite Poison by Vehumet.
 11696 | D:10     | Reached *** piety under Vehumet
 11973 | D:10     | Noticed a two-headed ogre
 11979 | D:10     | You fall into a shaft and drop 2 floors!
 12090 | D:12     | Noticed a cyclops
 12365 | D:11     | Learned a level 3 spell: Ignite Poison
 12561 | D:9      | Found a staircase to the Lair.
 12573 | Lair:1   | Entered Level 1 of the Lair of Beasts
 12833 | D:10     | You fall into a shaft and drop 1 floor!
 12865 | D:10     | You fall into a shaft and drop 2 floors!
 13062 | D:10     | You fall into a shaft and drop 3 floors!
 13223 | D:14     | Noticed a red ugly thing
 13223 | D:14     | Noticed a red ugly thing
 13224 | D:14     | Noticed a red ugly thing
 13271 | D:13     | Noticed a cyclops
 13308 | D:12     | Noticed porpoise's ghost (journeyman AtFi)
 13308 | D:12     | Found a transporter.
 13961 | D:11     | Reached skill level 1 in Transmutations
 13967 | D:11     | Reached XP level 12. HP: 56/90 MP: 24/24
 14089 | D:11     | Killed an ogre mage
 14090 | D:11     | Reached skill level 9 in Spellcasting
 14098 | D:11     | Noticed a two-headed ogre
 14107 | D:11     | Killed a two-headed ogre
 14107 | D:11     | Offered knowledge of Frozen Ramparts by Vehumet.
 14108 | D:11     | Reached skill level 1 in Staves
 14276 | D:11     | Killed a two-headed ogre
 14294 | D:11     | Noticed a two-headed ogre
 14397 | D:11     | Killed a two-headed ogre
 14555 | D:11     | Killed a two-headed ogre
 14657 | D:11     | Noticed Josephine
 14721 | D:11     | You fall into a shaft and drop 2 floors!
 15134 | D:14     | Noticed a boulder beetle
 15189 | D:13     | Learned a level 3 spell: Stone Arrow
 15209 | D:13     | Noticed a centaur warrior
 15209 | D:13     | Noticed a fire dragon
 15307 | D:12     | Reached skill level 5 in Necromancy
 15511 | D:12     | Noticed a sun demon
 15624 | D:12     | Reached skill level 1 in Earth Magic
 15750 | D:12     | Found a transporter.
 15765 | D:12     | Found a staircase to the Orcish Mines.
 15778 | D:12     | Reached **** piety under Vehumet
 16058 | D:12     | Reached skill level 5 in Poison Magic
 16499 | D:13     | Noticed a centaur warrior
 16505 | D:13     | Killed a centaur warrior
 16509 | D:13     | Reached skill level 10 in Spellcasting
 16510 | D:13     | Reached XP level 13. HP: 78/99 MP: 27/27
 16510 | D:13     | Offered knowledge of Iskenderun's Mystic Blast by Vehumet.
 16612 | Orc:1    | Entered Level 1 of the Orcish Mines
 16971 | Orc:1    | Noticed an ettin
 17038 | Orc:1    | Killed an ettin
 17309 | Orc:1    | Found a burning altar of Makhleb.
 17381 | Orc:2    | Entered Level 2 of the Orcish Mines
 17491 | Orc:2    | Found a staircase to the Elven Halls.
 17529 | Orc:2    | Reached ***** piety under Vehumet
 17535 | Orc:2    | Offered knowledge of Iron Shot by Vehumet.
 17543 | Orc:2    | Learned a level 6 spell: Iron Shot
 17810 | Orc:2    | Noticed an ogre mage
 17826 | Orc:2    | Killed an ogre mage
 18495 | Orc:2    | Reached skill level 11 in Spellcasting
 18495 | Orc:2    | Reached skill level 5 in Transmutations
 19428 | Orc:2    | Reached XP level 14. HP: 90/108 MP: 10/29
 20126 | Orc:2    | Reached skill level 12 in Spellcasting
 20177 | Orc:2    | Found Yleinast's Assorted Antiques.
 20233 | Orc:2    | Found Reemn's Assorted Antiques.
 20234 | Orc:2    | Found Latitie's Armour Shop.
 20235 | Orc:2    | Found Debluudu's Assorted Antiques.
 20248 | Orc:2    | Bought a glowing inky potion for 22 gold pieces
 20253 | Orc:2    | Bought a scroll of identify for 58 gold pieces
 20253 | Orc:2    | Bought a potion of heal wounds for 145 gold pieces
 20626 | D:11     | Killed Josephine
 20834 | D:11     | Reached skill level 10 in Fighting
 21444 | D:8      | Identified the amulet of Fium {RegenMP Contam Harm rF-
                  | rCorr}
 21591 | D:8      | You fall into a shaft and drop 3 floors!
 22013 | D:8      | You fall into a shaft and drop 1 floor!
 22134 | D:8      | Killed flotson's ghost
 22389 | D:5      | Killed bchevrier's ghost
 22462 | D:9      | You fall into a shaft and drop 1 floor!
 22628 | D:12     | Reached skill level 1 in Shields
 23033 | D:14     | Reached skill level 5 in Earth Magic
 23138 | D:13     | Found Olusil's Jewellery Emporium.
 23593 | D:13     | You fall into a shaft and drop 2 floors!
 23593 | D:15     | Entered Level 15 of the Dungeon
 24041 | D:14     | You fall into a shaft and drop 1 floor!
 24736 | D:13     | You fall into a shaft and drop 1 floor!
 25419 | D:13     | You fall into a shaft and drop 2 floors!
 25546 | D:15     | Found a staircase to the Depths.
 25775 | D:14     | You fall into a shaft and drop 1 floor!
 26210 | D:15     | Reached XP level 15. HP: 55/117 MP: 22/31
 26485 | D:15     | Reached skill level 13 in Spellcasting
 26881 | D:13     | Bought the amulet of the Four Winds {rN+ Will+++ Clar} for
                  | 971 gold pieces
 26881 | D:13     | Found the amulet of the Four Winds {rN+ Will+++ Clar}
 27003 | Elf:1    | Entered Level 1 of the Elven Halls
 27335 | D:13     | Upgraded the game from 0.30-a0-394-g3e4acdb0ae to
                  | 0.30-a0-457-g4b7bca3bfa
 27340 | D:13     | Learned a level 3 spell: Mephitic Cloud
 27723 | D:9      | Killed Erolcha
 27822 | Lair:1   | Noticed Joseph
 27969 | D:9      | Offered knowledge of Arcjolt by Vehumet.
 28073 | D:9      | Killed Joseph
 29724 | Lair:2   | Reached skill level 5 in Shields
 30575 | Lair:2   | Found a staircase to the Shoals.
 30632 | Shoals:1 | Entered Level 1 of the Shoals
 30723 | Lair:2   | Reached skill level 10 in Conjurations
 31124 | Lair:2   | Reached skill level 10 in Fire Magic
 31818 | Lair:3   | Reached skill level 14 in Spellcasting
 31926 | Lair:3   | Found a hole to the Spider Nest.
 32220 | Lair:3   | Reached XP level 16. HP: 126/126 MP: 20/34
 32945 | Lair:3   | Found the +8 whip "Snakebite" {venom, curare, rPois}
 33126 | Lair:3   | Offered knowledge of Lee's Rapid Deconstruction by Vehumet.
 34079 | Lair:4   | Found a runed translucent gate.
 34079 | Lair:4   | Found a runed translucent gate.
 34079 | Lair:4   | Found a runed translucent gate.
 34079 | Lair:4   | Noticed an azure jelly
 34079 | Lair:4   | Noticed an azure jelly
 34079 | Lair:4   | Noticed an azure jelly
 34079 | Lair:4   | Noticed an acid blob
 34079 | Lair:4   | Noticed an acid blob
 34079 | Lair:4   | Noticed an azure jelly
 34080 | Lair:4   | Noticed an azure jelly
 34080 | Lair:4   | Noticed an acid blob
 34080 | Lair:4   | Noticed liarliar's ghost (journeyman HuCj)
 34223 | Lair:5   | Entered Level 5 of the Lair of Beasts
 34911 | Lair:4   | Found a viscous altar of Jiyva.
 35253 | Lair:5   | Identified a scroll of acquirement
 35287 | Lair:5   | Identified the +6 falchion of Darkness {spect, rElec}
 35342 | Lair:5   | Found a staircase to the Slime Pits.
 37053 | Lair:5   | Identified the +0 chain mail of the Bells {rF+}
 37208 | Lair:4   | You fall into a shaft and drop 1 floor!
 37481 | Lair:4   | Killed an azure jelly
 37487 | Lair:4   | Killed an azure jelly
 37646 | Lair:4   | You fall into a shaft and drop 1 floor!
 37996 | Lair:4   | You fall into a shaft and drop 1 floor!
 38024 | Lair:4   | You fall into a shaft and drop 1 floor!
 38390 | Orc:2    | Bought a faintly humming leather armour for 245 gold pieces
 38390 | Orc:2    | Identified the +0 leather armour of the Vanishing Lives
                  | {rC+} (You bought it in a shop on level 2 of the Orcish
                  | Mines)
 38390 | Orc:2    | Bought a viscous dark potion for 31 gold pieces
 38600 | D:9      | Bought a +2 pair of gloves of fire resistance for 322 gold
                  | pieces
 39658 | Elf:1    | Offered knowledge of Conjure Ball Lightning by Vehumet.
 39668 | Orc:2    | Learned a level 6 spell: Conjure Ball Lightning
 40593 | Elf:2    | Reached XP level 17. HP: 133/133 MP: 23/35
 41624 | Elf:1    | Found a runed translucent door.
 41624 | Elf:1    | Noticed AigisTheKnight's ghost (adept GrEE)
 41681 | Elf:1    | Reached skill level 5 in Air Magic
 43030 | Elf:3    | Entered Level 3 of the Elven Halls
 43467 | Elf:2    | Noticed Donald
 43468 | Elf:2    | Found a runed translucent gate.
 43468 | Elf:2    | Found a runed translucent gate.
 43496 | Elf:2    | Killed Donald
 44541 | Elf:2    | Reached skill level 10 in Shields
 44845 | Elf:2    | Found a runed translucent gate.
 46086 | Elf:3    | Found Sonunav's Superlative Supplies.
 46398 | Elf:3    | Reached XP level 18. HP: 119/127 MP: 30/36
 46509 | Elf:3    | Offered knowledge of Lightning Bolt by Vehumet.
 46630 | Elf:3    | Noticed a deep elf blademaster
 46638 | Elf:3    | Killed a deep elf blademaster
 47622 | Elf:3    | Noticed a deep elf master archer
 47632 | Elf:3    | Killed a deep elf master archer
 48422 | Elf:3    | Acquired 462 gold pieces
 48961 | Elf:3    | Identified the +2 falchion "Qeotadil" {vorpal, rElec rN+}
 50359 | Elf:3    | Identified the ring "Korgh" {Ice rElec Str+4 Int-5 Dex+2}
 50379 | Elf:3    | Noticed a Brimstone Fiend
 51203 | Elf:3    | Got Bumoosuph's Compilation of the Zephyr and Snow
 51214 | Elf:3    | Identified the +6 sling of Salt {vorpal, rPois MP+9 SInv}
 51351 | Elf:3    | Identified the +1 ring mail of Hiskiv {Str+7 Dex+4}
 51355 | Elf:3    | Got the Vellum of Jinxing
 51639 | Elf:2    | Noticed Louise
 51793 | Elf:2    | You fall into a shaft and drop 1 floor!
 51946 | Elf:2    | Killed Louise
 51947 | Elf:2    | Reached skill level 15 in Spellcasting
 52281 | Elf:2    | Noticed a deep elf blademaster
 52332 | Elf:2    | Killed a deep elf blademaster
 52504 | Elf:2    | You fall into a shaft and drop 1 floor!
 52797 | Elf:2    | You fall into a shaft and drop 1 floor!
 53065 | Elf:2    | You fall into a shaft and drop 1 floor!
 53422 | Elf:1    | You fall into a shaft and drop 1 floor!
 53504 | Elf:1    | You fall into a shaft and drop 1 floor!
 53675 | Elf:1    | Identified the +5 flail "Kekkodgh" {vorpal, Will+ Int+2}
 53707 | Elf:1    | Killed AigisTheKnight's ghost
 54110 | D:14     | Noticed Azrael
 54680 | D:14     | Offered knowledge of Iskenderun's Battlesphere by Vehumet.
 54695 | D:14     | Reached XP level 19. HP: 149/149 MP: 8/38
 55459 | D:15     | Found an ancient bone altar of Kikubaaqudgha.
 56630 | D:14     | Found a shimmering blue altar of Sif Muna.
 56801 | D:12     | Gained mutation: You are very weak. (Str -4) [a neqoxec]
 56810 | D:12     | You fall into a shaft and drop 2 floors!
 56933 | D:14     | You fall into a shaft and drop 1 floor!
 57078 | D:12     | Killed porpoise's ghost
 57092 | D:12     | Identified the ring "Doilav" {rN+ Int+6}
 57394 | D:14     | You fall into a shaft and drop 1 floor!
 57996 | D:14     | You fall into a shaft and drop 1 floor!
 58592 | D:14     | Found an ancient bone altar of Kikubaaqudgha.
 58616 | D:14     | Got the Lectures on the Boreal Storm
 58620 | D:14     | Got the Handbook of Destructive Evil Magic
 58803 | D:14     | Killed Azrael
 59300 | D:14     | Found a gate to the Vaults.
 62194 | Shoals:2 | Found a runed translucent door.
 62195 | Shoals:2 | Found a shimmering altar of Xom.
 62195 | Shoals:2 | Noticed Inwioxo's ghost (adept KoHu)
 63005 | Shoals:2 | Learned a level 3 spell: Ozocubu's Armour
 63728 | Shoals:4 | Entered Level 4 of the Shoals
 63728 | Shoals:4 | Found an ancient bone altar of Kikubaaqudgha.
 64256 | Shoals:4 | Found a stormy altar of Qazlal.
 65375 | Shoals:4 | Reached XP level 20. HP: 157/157 MP: 37/39
 65379 | Shoals:4 | Reached skill level 10 in Stealth
 65412 | Shoals:4 | Reached skill level 1 in Ice Magic
 66719 | Shoals:4 | Identified the +1 ring mail "Lyogg" {rPois Will+ Str+3
                  | Int+2}
 67847 | Shoals:4 | Got a barnacled rune of Zot
 68368 | Shoals:2 | You are sucked into a shaft and drop 1 floor!
 68634 | Shoals:2 | Identified the +10 longbow of Imbalance {flame, rC+ Int+3
                  | Dex+2}
 68669 | Shoals:2 | You are sucked into a shaft and drop 1 floor!
 69464 | Lair:4   | Offered knowledge of Orb of Destruction by Vehumet.
 69473 | Lair:4   | Learned a level 7 spell: Orb of Destruction
 69783 | Lair:4   | Reached skill level 5 in Dodging
 70384 | Lair:4   | Killed liarliar's ghost
 70612 | Shoals:2 | Killed Inwioxo's ghost
 70903 | Depths:1 | Entered Level 1 of the Depths
 70904 | Depths:1 | Noticed a tentacled monstrosity
 70980 | Vaults:1 | Entered Level 1 of the Vaults
 71126 | Vaults:1 | Reached skill level 5 in Maces & Flails
 71432 | Vaults:1 | Found a runed translucent door.
 71433 | Vaults:1 | Noticed billz999's ghost (adept TrMo)
 72372 | Vaults:2 | Found Cyemuatz's Distillery.
 72378 | Vaults:2 | Bought a potion of magic for 136 gold pieces
 72378 | Vaults:2 | Bought a potion of resistance for 170 gold pieces
 72378 | Vaults:2 | Bought a potion of curing for 51 gold pieces
 73511 | Vaults:1 | Reached skill level 16 in Spellcasting
 74291 | D:14     | Reached XP level 21. HP: 100/165 MP: 36/41
 74940 | Vaults:1 | Noticed Nikola
 74942 | Vaults:1 | You are sucked into a shaft and drop 1 floor!
 75519 | Vaults:1 | You are sucked into a shaft and drop 1 floor!
 75936 | Vaults:2 | Found a staircase to the Crypt.
 75964 | Crypt:1  | Entered Level 1 of the Crypt
 75998 | Crypt:3  | Entered Level 3 of the Crypt
 76601 | Crypt:1  | Reached ****** piety under Vehumet
 78223 | Vaults:3 | Offered knowledge of Polar Vortex by Vehumet.
 78223 | Vaults:3 | Offered knowledge of Ignition by Vehumet.
 78391 | Vaults:4 | Reached skill level 5 in Ice Magic
 79522 | Vaults:3 | Noticed Mennas
 80298 | Vaults:4 | Reached XP level 22. HP: 166/173 MP: 33/42
 82609 | Vaults:2 | Reached skill level 15 in Fighting
 82886 | Vaults:1 | Killed Nikola
 83741 | Vaults:1 | You are sucked into a shaft and drop 1 floor!
 83968 | Vaults:1 | Identified the +5 plate armour of Hiemuss {rF+ rN+++ Str-5}
 84706 | Vaults:3 | You are sucked into a shaft and drop 1 floor!
 85264 | Vaults:3 | Reached skill level 15 in Fire Magic
 85712 | Vaults:3 | Killed Mennas
 86951 | Vaults:1 | Killed billz999's ghost
 87070 | Crypt:1  | Learned a level 8 spell: Ignition
 87185 | Crypt:1  | Reached skill level 10 in Necromancy
 87207 | Crypt:1  | Reached XP level 23. HP: 178/182 MP: 13/43
 87445 | Crypt:1  | Noticed Margery
 87450 | Crypt:1  | Killed Margery
 87456 | Crypt:1  | Reached skill level 17 in Spellcasting
 87456 | Crypt:1  | Reached skill level 15 in Conjurations
 88130 | Crypt:1  | Found a runed translucent gate.
 88130 | Crypt:1  | Found a runed translucent gate.
 88130 | Crypt:1  | Found a runed translucent gate.
 88131 | Crypt:1  | Noticed a dread lich
 88132 | Crypt:1  | Found an ancient bone altar of Kikubaaqudgha.
 88132 | Crypt:1  | Noticed an ancient lich
 88132 | Crypt:1  | Noticed a dread lich
 88935 | Crypt:2  | Noticed Grunn
 88935 | Crypt:2  | Noticed Frederick
 88946 | Crypt:1  | You are sucked into a shaft and drop 1 floor!
 88959 | Crypt:2  | You are sucked into a shaft and drop 1 floor!
 88973 | Crypt:3  | HP: 6/179 [vampire knight/+2 great sword of protection (5)]
 88974 | Crypt:3  | Mangled by a phantasmal warrior

Illustrated notes

Levels and vault maps discovered:
D:1:      psy_arrival_statuary, layout_loops_ring, dk_noncrumbling_2
D:2:      layout_loops_cross, serial_shops, shop,
          nicolae_shop_competitors_out_of_business, nicolae_shop_behind_doors,
          nicolae_shop_waterfront, nicolae_shop_advertising_works
          [nicolae_subvault_shop_adworks], uniq_crazy_yiuf_cottage
D:3:      layout_basic, minmay_pentomino_pile
D:4:      layout_loops_ring, minmay_temple_entry_trees,
          chequers_serial_rivers_room_a
D:5:      layout_layer_cave, hellmonk_ghost_happy_afterlife
D:6:      layout_rooms, uniq_duvessa
D:7:      layout_loops_ring, enter_bailey_8, serial_glass, glass_columns_a,
          glass_columns_b, kennysheep_generic_room_4
D:8:      layout_gridville, nicolae_ru_sacrificial_ziggurat,
          mainiacjoe_overflow_alcove_3, gammafunk_ghost_gnarly_gnolls
D:9:      layout_small_grid, hellmonk_lair_entry_icy, nicolae_shop_fire_sale
          [nicolae_sub_dead_trees], uniq_erolcha
D:10:     layout_loops_ring, minmay_circle_x
D:11:     layout_layer_cave, grunt_ministairs_14, uniq_josephine
D:12:     layout_long_grid, david_orc_3, gammafunk_ghost_stat_death
D:13:     layout_basic, serial_shops, shop, special_room [special_room_bee],
          minivault_4
D:14:     lemuel_vampire_tower, layout_basic, ximxim_vaults_locker_room,
          gauntlet_entry_generic, led_sif_pool, uniq_azrael
D:15:     hangedman_depths_entry_try_elsewhere_first, layout_cave_pools,
          kiku_gazebo_garden_becter
Temple:   minmay_temple_bridge_d
Lair:1:   layout_chaotic_city, grunt_megastairs_1, uniq_joseph
Lair:2:   nzn_winding_woodlands_large [nzn_winding_woodlands_5x5_three,
          nzn_winding_woodlands_5x15_twine,
          nzn_winding_woodlands_5x5_checkerboard,
          nzn_winding_woodlands_center_lodge,
          nzn_winding_woodlands_15x15_killbox,
          nzn_winding_woodlands_center_garden,
          nzn_winding_woodlands_5x5_closed_star,
          nzn_winding_woodlands_5x15_split_checker,
          nzn_winding_woodlands_5x5_cross], layout_regular_city,
          minmay_shoals_entry_hut, grunt_forest_stairs_basic
Lair:3:   minmay_guarded_unrand_snakebite, layout_layer_cave,
          nicolae_spider_entry_orb_guardian, nzn_random_ring
Lair:4:   layout_cave_shapes, gammafunk_ghost_ooze, infiniplex_staircase_pool_2,
          lemuel_fruit_tree
Lair:5:   minmay_lair_end_enchanted_forest, layout_cave_pods,
          dpeg_slime_entry_enclosed
Shoals:1: layout_shoals
Shoals:2: layout_shoals, ebering_ghost_xom
Shoals:3: layout_shoals
Shoals:4: shoals_end_hellmonk_storm_palace [storm_palace_center_circular,
          storm_palace_corner_reverse_hut, storm_palace_corner_altar,
          storm_palace_corner_altar, storm_palace_corner_reverse_hut]
Orc:1:    layout_caves, basic_altar
Orc:2:    st_orc_open, layout_caves
Elf:1:    minmay_elf_arrival_plus, layout_geoelf_grid, gammafunk_ghost_grave,
          minivault_28
Elf:2:    elven_hall_of_blades_hangedman_original [grunt_blade_entry_basic],
          layout_onion_city, uniq_louise, uniq_donald
Elf:3:    minmay_elf_hall_spiked, layout_gridlike, nicolae_twisting_strands,
          st_stairs_13, nicolae_alphabet_shops, minivault_27
Vaults:1: gammafunk_ghost_grave, vaults_room_grunt_arrival_ludios,
          hangedman_vaults_maws, vaults_room_pools, v_misc_5,
          dpeg_vaults_hating_casters, v_misc_23,
          nicolae_vaults_network_quinsquares
          [nicolae_vaults_network_quincunx_subvault,
          nicolae_vaults_network_quincunx_subvault,
          nicolae_vaults_network_quincunx_subvault,
          nicolae_vaults_network_quincunx_subvault], hangedman_vaults_slice,
          v_misc_17, layout_vaults_omnigrid, uniq_nikola
Vaults:2: nicolae_vaults_shelves_hall, v_misc_17, v_misc_5,
          nicolae_vaults_little_ls, v_misc_26, vaults_room_semicircle,
          blue_anna_dwarven_crypt, grunt_vaults_twisty,
          nicolae_vaults_little_squares_6, v_misc_26,
          ontoclasm_vaults_loading_screen, hangedman_vaults_trim,
          ontoclasm_vaults_chip, grunt_vaults_bifocal, layout_vaults_maze_bifur,
          serial_shops, nicolae_square_shop
Vaults:3: v_misc_13, v_pattern_5, st_star, vaults_dpeg_cross,
          nicolae_vaults_yaktaur_gun_rack, v_misc_26, vaults_standard_mumra_x,
          vaults_room_pools, ontoclasm_vaults_loading_screen,
          ontoclasm_vaults_bender, v_misc_30, nicolae_vaults_network_periphery,
          v_misc_22, layout_vaults_omnicross, uniq_mennas
Vaults:4: nicolae_vaults_inception_statues, v_misc_10, vaults_room_door_hall,
          grunt_vaults_hallway_short, ontoclasm_vaults_gateway, v_alt_pattern_3,
          layout_vaults_chaotic_city
Crypt:1:  layout_chaotic_city, gammafunk_ghost_crypt, st_chilly_death,
          uniq_margery
Crypt:2:  layout_misc_corridors, uniq_xtahua, uniq_grunn, uniq_vv,
          uniq_frederick
Crypt:3:  due_elkab, layout_chaotic_city, minmay_misc_feat_pillars
Depths:1: grunt_deathspiral_small, layout_long_grid, abyss_entry,
          pf_vacation_house_of_asmodeus, hangedman_decor_diamond_cutter,
          minmay_statues_item, serial_sigils_hangedman_gut, drop_trap,
          minmay_shop_grid_forest, minmay_misc_feat_tower, evilmike_ambush
          [evilmike_ambush_outer_basic, evilmike_ambush_inner_basic]

Skill      XL: |  1  2  3  4  5  6  7  8  9 10 11 12 13 14 15 16 17 18 19 20 21 22 23 |
---------------+----------------------------------------------------------------------+-----
Spellcasting   | 1 2 3 4 5 6 7 8 10 11 12 14 15 16 17 | 17.0
Armour         | 1 3 4 5 6 7 8 9 10 11 13 14 | 14.0
Fighting       | 4 5 6 7 8 9 10 11 12 13 14 15 | 15.5
Fire Magic     | 1 2 3 4 5 6 7 8 9 10 11 12 13 14 15 | 15.6
Axes           | 1 |  1.4
Conjurations   | 1 2 3 5 6 7 8 9 10 11 12 13 14 15 | 15.1
Ranged Weapons | 2 3 |  3.0
Evocations     | 1 3 |  3.0
Air Magic      | 3 8 9 |  9.0
Poison Magic   | 3 5 |  5.0
Necromancy     | 3 5 6 7 8 10 | 10.0
Transmutations | 1 3 5 |  5.0
Staves         | 2 3 |  3.5
Earth Magic    | 2 4 5 6 |  6.0
Shields        | 4 6 8 11 13 14 | 14.0
Dodging        | 2 4 5 6 7 |  7.6
Stealth        | 9 10 | 10.0
Maces & Flails | 3 5 |  5.3
Ice Magic      | 3 5 6 |  6.0

Action                   |  1- 3 |  4- 6 |  7- 9 | 10-12 | 13-15 | 16-18 | 19-21 | 22-24 || total
-------------------------+-------+-------+-------+-------+-------+-------+-------+-------++-------
Melee: Mace              |    63 |       |       |       |       |       |       |       ||    63
       Hand axe          |    10 |    52 |       |     5 |       |       |       |       ||    67
       Short sword       |       |    48 |    58 |     1 |     1 |       |       |       ||   108
       Punch             |       |     2 |     1 |     5 |       |       |       |       ||     8
       Quarterstaff      |       |       |    65 |   315 |   280 |   303 |    42 |       ||  1005
       Whip              |       |       |       |       |       |     3 |    10 |       ||    13
       Eveningstar       |       |       |       |       |       |     1 |   337 |   181 ||   519
       Falchion          |       |       |       |       |       |     1 |       |       ||     1
 Fire: Sling             |    14 |   134 |   103 |   219 |   213 |   211 |   273 |    17 ||  1184
       Longbow           |       |       |       |       |       |       |     4 |       ||     4
Throw: Dart              |    11 |     4 |    11 |     5 |    10 |     6 |     9 |     1 ||    57
       Stone             |    14 |       |       |       |       |       |       |       ||    14
 Cast: Sticky Flame      |       |       |     1 |    28 |   141 |   198 |   149 |    60 ||   577
       Poisonous Vapours |       |       |       |    32 |   110 |    10 |     8 |       ||   160
       Ignite Poison     |       |       |       |    28 |   100 |    72 |    76 |    12 ||   288
       Stone Arrow       |       |       |       |     2 |    82 |    11 |     1 |       ||    96
       Iron Shot         |       |       |       |       |   105 |   203 |   234 |    59 ||   601
       Mephitic Cloud    |       |       |       |       |    14 |   150 |   131 |    22 ||   317
       Conjure Ball Ligh |       |       |       |       |       |    24 |    12 |     8 ||    44
       Sublimation of Bl |       |       |       |       |       |     4 |   143 |    65 ||   212
       Ozocubu's Armour  |       |       |       |       |       |       |    11 |     3 ||    14
       Orb of Destructio |       |       |       |       |       |       |   253 |   134 ||   387
       Ignition          |       |       |       |       |       |       |       |     5 ||     5
 Abil: Dig               |       |       |     2 |     5 |     5 |     7 |     2 |     1 ||    22
       Shaft Self        |       |       |       |     6 |     8 |    11 |     8 |     3 ||    36
Evoke: Wand              |       |       |    13 |     3 |     8 |     9 |     5 |       ||    38
       Lightning rod     |       |       |       |       |       |       |     2 |       ||     2
       Condenser vane    |       |       |       |       |       |       |       |     1 ||     1
  Use: Scroll            |       |       |    11 |     6 |     6 |    10 |     8 |     2 ||    43
       Potion            |       |       |     6 |     1 |     8 |     8 |     5 |     8 ||    36
 Stab: Sleeping          |     6 |       |       |     1 |     1 |       |     1 |       ||     9
       Distracted        |     1 |       |       |       |       |     1 |       |       ||     2
       Confused          |       |       |       |       |     9 |    26 |    36 |     2 ||    73
Armor: Leather armour    |     7 |       |     7 |     9 |       |       |       |       ||    23
       Ring mail         |    29 |    59 |    44 |   226 |   279 |   262 |   274 |    88 ||  1261
Dodge: Dodged            |    48 |    98 |    90 |   291 |   522 |   318 |   263 |   134 ||  1764
Block: Buckler           |       |       |       |       |   164 |   128 |       |       ||   292
       Kite shield       |       |       |       |       |       |   202 |   785 |   351 ||  1338
       Reflection        |       |       |       |       |       |    26 |    71 |    30 ||   127

Table legend: (Time is in decaauts)
 A = Elapsed time spent in this place.
 B = Non-inter-level travel time spent in this place.
 C = Inter-level travel time spent in this place.
 D = Time resting spent in this place.
 E = Time spent auto-exploring this place.
 F = Levels seen in this place.
 G = Mean time per level.
                   A        B        C        D        E       F      G
               +--------+--------+--------+--------+--------+-----+--------+
         Total |  89828 |  83125 |   6703 |  38676 |  17128 |  39 | 2303.3 |
       Dungeon |  31424 |  27497 |   3927 |  11373 |   6988 |  15 | 2094.9 |
        Temple |    173 |     64 |    109 |      0 |     59 |   1 |  173.0 |
          Lair |  12237 |  11551 |    686 |   4904 |   3983 |   5 | 2447.4 |
        Shoals |   9289 |   8998 |    291 |   4202 |   1860 |   4 | 2322.2 |
  Orcish Mines |   4417 |   4210 |    207 |   2345 |    627 |   2 | 2208.5 |
   Elven Halls |  14161 |  13258 |    903 |   7486 |    810 |   3 | 4720.3 |
        Vaults |  14744 |  14166 |    578 |   6650 |   2800 |   4 | 3686.0 |
         Crypt |   2831 |   2830 |      1 |   1433 |      0 |   3 |  943.7 |
        Depths |      1 |      1 |      0 |      0 |      0 |   1 |    1.0 |
        Bailey |    546 |    546 |      0 |    280 |      0 |   1 |  546.0 |
               +--------+--------+--------+--------+--------+-----+--------+

Top non-repeatable levels by time:
    D:14: 6308 daAuts
   Elf:2: 6036 daAuts
   Elf:3: 4854 daAuts
Vaults:1: 4517 daAuts
Vaults:2: 3938 daAuts
  Lair:2: 3473 daAuts
Shoals:4: 3407 daAuts
   Elf:1: 3270 daAuts
Vaults:3: 3170 daAuts
Vaults:4: 3119 daAuts
    D:12: 3103 daAuts
  Lair:5: 3090 daAuts
   Orc:2: 2980 daAuts
    D:13: 2930 daAuts
    D:11: 2669 daAuts
